 Dungeon Crawl Stone Soup version 0.30-a0-782-ge64f9170bb (webtiles) character file.

Game seed: 8620875436137509288

86 Zeltrum the Trooper (level 4, 0/41 HPs)
             Began as a Demigod Fighter on Mar 2, 2023.
             Slain by a kobold brigand
             ... wielding a +0 dagger
              (7 damage)
             ... in a sewer.
             The game lasted 00:02:20 (2230 turns).

Zeltrum the Trooper (Demigod Fighter)               Turns: 2230, Time: 00:02:21

Health: 0/41       AC:  6    Str: 21    XL:     4   Next: 6%
Magic:  6/6        EV:  9    Int: 10    God:
Gold:   173        SH:  0    Dex: 13    Spells: 3/3 levels left

rFire   . . .      SeeInvis .    a - +0 war axe
rCold   . . .      Faith    .    (no shield)
rNeg    . . .      Spirit   .    b - +0 scale mail
rPois   .          Reflect  .    (no helmet)
rElec   .          Harm     .    (no cloak)
rCorr   .          Rampage  .    (no gloves)
Will    .....                    (no boots) Stlth
                                 (no amulet)
HPRegen 0.26/turn                (no ring)
MPRegen 0.10/turn                (no ring)

@: mighty
A: high MP 1, forlorn, divine attributes
a: no special abilities


You were in a sewer.
You visited 1 branch of the dungeon, and saw 3 of its levels.
You also visited: Sewer.

You collected 173 gold pieces.

Inventory:

Hand Weapons
 a - a +0 war axe (weapon)
Missiles
 h - 6 javelins (quivered)
Armour
 b - a +0 scale mail (worn)
Jewellery
 g - a +6 ring of intelligence
Scrolls
 e - 2 scrolls of silence {unknown}
 i - a scroll of vulnerability {unknown}
 j - a scroll of identify {unknown}
 k - 2 scrolls of immolation {unknown}
 m - a scroll of enchant armour {unknown}
 n - a scroll of torment {unknown}
 p - 3 scrolls of noise {unknown}
 u - a scroll of fog {unknown}
 w - a scroll of fear {unknown}
 x - a scroll of blinking {unknown}
Potions
 c - a potion of resistance {unknown}
 d - 4 potions of might
 f - 2 potions of brilliance {unknown}
 l - a potion of attraction {unknown}
 o - 2 potions of curing {unknown}
 q - a potion of degeneration {unknown}
 r - a potion of berserk rage {unknown}
 s - a potion of mutation {unknown}
 t - a potion of heal wounds {unknown}
 v - 2 potions of magic {unknown}


   Skills:
 + Level 4.7 Fighting
 - Level 1.7 Axes
 - Level 2.6 Armour
 - Level 2.6 Shields


You had 3 spell levels left.
You didn't know any spells.
Your spell library contained the following spells:

 Spells                   Type           Power      Damage    Failure   Level
 Slow                     Hex            0%         N/A       71%         1
 Blink                    Tloc           0%         N/A       83%         2
 Lesser Beckoning         Tloc           0%         N/A       83%         2
 Momentum Strike          Conj/Tloc      0%         3d8       83%         2
 Confusing Touch          Hex            0%         N/A       97%         3
 Ignite Poison            Fire/Tmut/Pois 0%         N/A       97%         3
 Kindle Blastsparks       Fire/Tloc/Air  0%         2d10      97%         3
 Vampiric Draining        Necr           0%         2d6       97%         3
 Freezing Cloud           Conj/Ice/Air   0%         6-21      100%        5


Dungeon Overview and Level Annotations

Branches:
Dungeon (3/15)              Sewer (1/1)


Innate Abilities, Weirdness & Mutations

You have an increased reservoir of magic. (+10% MP)
You shall have no god before yourself.
Your divine heritage dramatically boosts your attributes as you level up.


Message History

The kobold brigand hits you but does no damage.
The kobold closely misses you.
You barely miss the kobold brigand.
The kobold brigand is moderately wounded.
You closely miss the kobold brigand. You slash the kobold!
You kill the kobold!
The kobold brigand barely misses you.
The kobold brigand hits you with a +0 dagger.
You are too injured to fight recklessly!
You are too injured to fight recklessly!
You are too injured to fight recklessly!
You are too injured to fight recklessly!
You are too injured to fight recklessly!
You are too injured to fight recklessly!
You are too injured to fight recklessly!
You are too injured to fight recklessly!
You are too injured to fight recklessly!
You are too injured to fight recklessly!
You are too injured to fight recklessly!
You are too injured to fight recklessly!
You are too injured to fight recklessly!
You hit the kobold brigand.
The kobold brigand is lightly wounded.
You barely miss the kobold brigand.
The kobold brigand hits you but does no damage.
The kobold brigand hits you with a +0 dagger. x2
The kobold brigand hits you but does no damage.
You barely miss the kobold brigand.
The kobold brigand is lightly wounded.
You hit the kobold brigand.
The kobold brigand hits you with a +0 dagger. x2
You closely miss the kobold brigand.
The kobold brigand is lightly wounded.
You slash the kobold brigand!
The kobold brigand hits you but does no damage.
The kobold brigand hits you with a +0 dagger!
* * * LOW HITPOINT WARNING * * *
The kobold brigand hits you but does no damage.
The kobold brigand hits you with a +0 dagger!
You die...

#~≈~#.∩∩# #~~~'...#
######~≈~######
#....#~≈~#....#
#).∩.#~≈~#.∩..#
#!..)#~≈~#....#
....#~≈~#....#
###K)##~~~##))##
###..@K.#~≈~#).).#
#.......#~≈~#~...###
#.......#~≈~~~~....#
#.......#~≈~~~~...##
#......P#~≈~#P~...##
#.P..†~~#~~~#~~....#
##....~~~#~≈~#......#
#......~~~~≈~#......#
#......~~~~≈~#......#


You could see 2 kobold brigands.

Vanquished Creatures
  2 adders
  A worm (D:2)
  A dart slug (D:1)
  3 endoplasms
  3 giant cockroaches
  6 goblins
  2 hobgoblins
  3 jackals (D:2)
  3 quokkas
  3 ball pythons
  9 bats
  5 frilled lizards
  15 kobolds
  6 rats
62 creatures vanquished.

Vanquished Creatures (others)
  3 fungi (Sewer)
  5 plants
8 creatures vanquished.

Grand Total: 70 creatures vanquished

Notes
Turn   | Place    | Note
-------+----------+-------------------------------------------
     0 | D:1      | Zeltrum the Demigod Fighter began the quest for the Orb.
     0 | D:1      | Reached XP level 1. HP: 18/18 MP: 3/3
    44 | D:1      | Reached skill level 3 in Fighting
   421 | D:1      | Reached XP level 2. HP: 22/26 MP: 4/4
  1235 | D:2      | Reached skill level 4 in Fighting
  1235 | D:2      | Reached XP level 3. HP: 33/33 MP: 5/5
  1931 | D:3      | Found a glowing drain.
  1941 | Sewer    | Entered a sewer
  2196 | Sewer    | Reached XP level 4. HP: 41/41 MP: 6/6
  2221 | Sewer    | Noticed a kobold brigand
  2221 | Sewer    | Noticed a kobold brigand
  2230 | Sewer    | Slain by a kobold brigand

Illustrated notes

Levels and vault maps discovered:
D:1:      dpeg_arrival_stonehenge_12_columns, layout_loops_ring,
          hellmonk_ecumenical_altar_run_dry
D:2:      layout_loops_cross, serial_forest, infiniplex_forest_lined_room_2,
          infiniplex_forest_3_way, infiniplex_forest_lined_room_,
          infiniplex_forest_straight_3, infiniplex_forest_straight_2,
          infiniplex_forest_lined_ring, infiniplex_forest_end_3,
          minmay_pentomino_v2
D:3:      layout_basic, cheibrodos_sewer_entry_drain, wad_floor_pattern_2,
          uniq_sigmund
Sewer:    kennysheep_pipe_town

Skill      XL: |  1  2 |
---------------+-------+-----
Fighting       | 3 4 |  4.7
Axes           | |  1.7
Armour         | |  2.6
Shields        | |  2.6

Action                     |  1- 3 |  4- 6 || total
---------------------------+-------+-------++-------
  Melee: War axe           |   183 |    14 ||   197
    Use: Potion            |       |     1 ||     1
 Armour: Scale mail        |   104 |    15 ||   119
  Dodge: Dodged            |   110 |    15 ||   125

Table legend: (Time is in decaauts)
 A = Elapsed time spent in this place.
 B = Non-inter-level travel time spent in this place.
 C = Inter-level travel time spent in this place.
 D = Time resting spent in this place.
 E = Time spent auto-exploring this place.
 F = Levels seen in this place.
 G = Mean time per level.
                   A        B        C        D        E       F      G
               +--------+--------+--------+--------+--------+-----+--------+
         Total |   2329 |   2231 |     98 |     20 |   1748 |   4 |  582.2 |
       Dungeon |   1996 |   1898 |     98 |     20 |   1545 |   3 |  665.3 |
         Sewer |    332 |    332 |      0 |      0 |    203 |   1 |  332.0 |
               +--------+--------+--------+--------+--------+-----+--------+

Top non-repeatable levels by time:
     D:2: 925 daAuts
     D:1: 745 daAuts
   Sewer: 332 daAuts
     D:3: 324 daAuts
